[Event "Titled Tuesday Blitz May 23 Early 2023"]
[White "Pranav Anand"]
[Black "HamedWafa4"]
[WhiteFideId "46626786"]
[WhiteElo "2389"]
[BlackElo "2614"]
[Result "1-0"]
[Round "07"]
[TimeControl "180+2"]
[Date "2023.05.23"]
[WhiteClock "0:00:11"]
[BlackClock "0:00:01"]

1. Nf3 Nf6 2. g3 g6 3. Bg2 Bg7 4. O-O O-O 5. c4 d6 6. Nc3 e5 7. d3 Be6 8. Bg5 Qc8 9. Bxf6 Bxf6 10. Nd2 Bh3 11. Nd5 Bd8 12. b4 Bxg2 13. Kxg2 c6 14. Nc3 Bf6 15. Rb1 Nd7 16. b5 Bg7 17. Qb3 Nc5 18. Qa3 f5 19. Nb3 Ne6 20. Qxd6 Rd8 21. Qa3 e4 22. Na4 exd3 23. exd3 Rxd3 24. Rbd1 Qd7 25. Rxd3 Qxd3 26. Qe7 Nd4 27. Nxd4 Qxd4 28. Qxb7 Qe4+ 29. f3 Qe8 30. Qxc6 Qxc6 31. bxc6 Rc8 32. Rb1 Rxc6 33. c5 Ra6 34. Rb4 Bf8 35. Rc4 Rc6 36. Kf2 Kf7 37. Ke3 Ke6 38. Kd4 Bg7+ 39. Kd3 Kd5 40. Rc2 Bf8 41. f4 Bxc5 42. Nc3+ Kd6 43. Nb5+ Kd5 44. a4 Bb6 45. Nc3+ Kd6 46. Re2 a6 47. Re8 Rc7 48. Rb8 Ba7 49. Ra8 Rd7 50. Kc4 Rc7+ 51. Kb3 Rb7+ 52. Kc2 Rc7 53. Kd2 Rd7 54. Ke2 Re7+ 55. Kd1 Rd7 56. Rc8 Bg1 57. h3 Bf2 58. Ne2 Ke7+ 59. Kc2 Be3 60. Kb3 Rd3+ 61. Kc4 Rd2 62. Nc3 Rg2 63. Nd5+ Kd7 64. Rh8 Rxg3 65. Rxh7+ Kd6 66. Rf7 Bf2 67. Rf6+ Kd7 68. Rxa6 Rxh3 69. Rxg6 Ra3 70. Kb4 Ra1 71. Nb6+ Kc7 72. Nc4 Be1+ 73. Kc5 Rxa4 74. Rg7+ Kd8 75. Kb5 Rb4+ 76. Kc5 Rb1 77. Nd6 Bb4+ 78. Kd5 Bxd6 79. Kxd6 Rb6+ 80. Ke5 Rb5+ 81. Kf6 Ke8 82. Kg6 Kf8 83. Rd7 Ra5 84. Kf6 Ke8 85. Rf7 Ra6+ 86. Kg7 Ra5 87. Rf6 Ke7 88. Kg6 Rd5 89. Rf7+ Ke6 90. Rf8 Ra5 91. Re8+ Kd7 92. Re1 Kd6 93. Kf6 Kd7 94. Re2 Kd6 95. Rd2+ Kc7 96. Rd4 Kc6 97. Ke6 Kc7 98. Rd1 Kc6 99. Rc1+ Kb7 100. Rg1 Kc7 101. Rg5 Kd8 102. Rxf5 Ra1 103. Kf7 Ra7+ 104. Kf8 Ra4 105. Rd5+ Kc7 106. f5 Kc6 107. Re5 Kd6 108. Re6+ Kd7 109. Rf6 Rg4 110. Kf7 Rg3 111. Rg6 Rf3 112. f6 Kd6 113. Rg1 Ke5 114. Rg5+ Ke4 115. Ra5 Rb3 116. Kg6 1-0


[Site "https://www.chess.com"]

[Event "Titled Tuesday Blitz May 23 Early 2023"]
[White "Rostovtsev, Dmitry"]
[Black "Spitzl, Vinzent"]
[WhiteFideId "34278320"]
[BlackFideId "12901253"]
[WhiteElo "2344"]
[BlackElo "2225"]
[Result "1-0"]
[Round "07"]
[TimeControl "180+2"]
[Date "2023.05.23"]
[WhiteClock "0:02:47"]
[BlackClock "0:02:09"]

1. e4 c5 2. Nf3 d6 3. d4 cxd4 4. Qxd4 Nc6 5. Qd3 g6 6. Nc3 Bg7 7. Be2 Nf6 8. O-O O-O 9. Nd5 Nxd5 10. exd5 Ne5 11. Nxe5 Bxe5 12. c3 Bf5 13. Qd1 Qb6 14. a4 a5 15. Bb5 Qc7 16. Be3 Bd7 17. Qd3 Bg7 18. Rfe1 Rfe8 19. Re2 Bf6 20. Rae1 Bxb5 21. Qxb5 Ra6 22. Qxe8+ 1-0


[Site "https://www.chess.com"]

[Event "Titled Tuesday Blitz May 23 Early 2023"]
[White "Al-Tarboush, Ward"]
[Black "Ilamparthi A R"]
[WhiteFideId "7601450"]
[BlackFideId "45015775"]
[WhiteElo "2265"]
[BlackElo "2348"]
[Result "1-0"]
[Round "07"]
[TimeControl "180+2"]
[Date "2023.05.23"]
[WhiteClock "0:00:09"]
[BlackClock "0:00:13"]

1. e4 c5 2. Nf3 e6 3. d4 cxd4 4. Nxd4 Nf6 5. Nc3 Nc6 6. Bf4 Bb4 7. Nb5 Nxe4 8. Qf3 d5 9. Nc7+ Kf8 10. Nxa8 Nd4 11. Qd3 Qf6 12. Be3 Nxc3 13. Bxd4 Nb5+ 14. c3 Nxd4 15. cxb4 Qe5+ 16. Kd1 Bd7 17. Rc1 Ke7 18. Nc7 Rc8 19. Qe3 Qh5+ 20. Be2 Nxe2 21. Qxe2 Qxe2+ 22. Kxe2 Kd6 23. Nxd5 Rxc1 24. Rxc1 exd5 25. Ke3 Bc6 26. Kd4 f6 27. b3 a6 28. a4 Bd7 29. h3 b6 30. g4 h6 31. f4 g6 32. Re1 Bc6 33. h4 Bd7 34. g5 fxg5 35. fxg5 h5 36. Re5 Be6 37. Re1 Bd7 38. Rf1 Bf5 39. Rf2 Ke6 40. Rf3 Kd6 41. Rf1 Ke6 42. Rf3 Kd6 43. Rc3 Bd7 44. Re3 Be6 45. Re5 Bf7 46. a5 b5 47. Re3 Be6 48. Rf3 Bf5 49. Rf1 Ke6 50. Rc1 Kd6 51. Re1 Be6 52. Re2 Bf7 53. Rf2 Be6 54. Rf8 Bd7 55. Rd8 Kc7 56. Rxd7+ Kxd7 57. Kxd5 Kc7 58. Kc5 Kd7 59. Kb6 Kd6 60. Kxa6 Kc6 61. Ka7 Kc7 62. a6 Kc6 63. Kb8 Kb6 64. a7 Kc6 65. a8=Q+ Kb6 66. Qb7# 1-0


[Site "https://www.chess.com"]

[Event "Titled Tuesday Blitz May 23 Early 2023"]
[White "brm72"]
[Black "Harsh Suresh"]
[BlackFideId "45018464"]
[WhiteElo "2598"]
[BlackElo "2209"]
[Result "1/2-1/2"]
[Round "07"]
[TimeControl "180+2"]
[Date "2023.05.23"]
[WhiteClock "0:00:06"]
[BlackClock "0:00:10"]

1. d4 g6 2. c4 Bg7 3. Nc3 e6 4. Nf3 Ne7 5. g3 b6 6. Bg2 Bb7 7. O-O O-O 8. e3 d6 9. b3 Nd7 10. Bb2 a6 11. Qd2 h6 12. Rac1 Ra7 13. Rfd1 Qa8 14. Ne1 Nf6 15. c5 Bxg2 16. Nxg2 bxc5 17. dxc5 d5 18. Nf4 Rb8 19. Nd3 Nc6 20. Ne2 a5 21. Nd4 a4 22. Nxc6 Qxc6 23. b4 a3 24. Bd4 Qa4 25. Rb1 Rab7 26. f3 c6 27. Rb3 Nd7 28. Bxg7 Kxg7 29. Qc3+ f6 30. f4 h5 31. Rdb1 Ra7 32. Re1 Qa6 33. Rc1 Raa8 34. Kf2 h4 35. g4 h3 36. Kg3 Rh8 37. b5 cxb5 38. c6 Nb6 39. Qc5 Qa7 40. Rxb5 Nc4 41. Rb7+ Qxb7 42. cxb7 Raf8 43. Rb1 Nd2 44. Rb6 Ne4+ 45. Kf3 Nxc5 46. Nxc5 Kf7 47. Nd7 Rb8 48. Nxb8 Rxb8 49. f5 gxf5 50. gxf5 exf5 51. Kf4 Ke7 52. Kxf5 Kd7 53. Kxf6 Kc7 54. Rb3 Kc6 55. Ke5 Kc5 56. Ke6 Kc6 57. Ke7 Kc7 58. Ke6 Kc6 59. Rb1 Re8+ 60. Kf7 Rb8 61. Ke7 Kc7 62. Ke6 Kc6 63. Ke5 Kc5 64. Rb3 Re8+ 65. Kf4 Rb8 66. Kg3 Kc6 67. Kxh3 Kc7 68. Kg4 Rg8+ 69. Kf4 Kb8 70. Ke5 Rg5+ 71. Kd4 Rh5 72. Rxa3 Kxb7 73. Rb3+ Kc6 74. Rb2 Rh4+ 75. Kd3 Kc5 76. Rc2+ Kd6 77. a3 Ke5 78. Ra2 Ra4 79. Kc3 Ke4 80. Kb3 Ra6 81. Re2 Kd3 82. Re1 Kd2 83. Rg1 Kxe3 84. a4 d4 85. Kb4 d3 86. Kb5 Rh6 87. Rg2 Rh5+ 88. Kb6 Rh6+ 89. Kb5 Rh5+ 90. Kb6 Rh6+ 91. Kb5 1/2-1/2


[Site "https://www.chess.com"]

[Event "Titled Tuesday Blitz May 23 Early 2023"]
[White "Novik, Maxim"]
[Black "Tatarinov, Dmitry"]
[WhiteFideId "4102924"]
[BlackFideId "24160067"]
[WhiteElo "2287"]
[BlackElo "2326"]
[Result "0-1"]
[Round "07"]
[TimeControl "180+2"]
[Date "2023.05.23"]
[WhiteClock "0:00:00"]
[BlackClock "0:00:50"]

1. d4 Nf6 2. c4 g6 3. Nc3 Bg7 4. e4 d6 5. Be2 O-O 6. Nf3 Na6 7. O-O c5 8. Re1 cxd4 9. Nxd4 Nc5 10. Bf1 a5 11. h3 Bd7 12. f3 a4 13. Be3 Qa5 14. Qd2 Rfc8 15. Rab1 Qd8 16. Nd5 e6 17. Nc3 Be8 18. Rbd1 Qe7 19. Ndb5 Bxb5 20. Nxb5 Ne8 21. Bf4 Be5 22. Bxe5 dxe5 23. Qb4 Kf8 24. Rd2 Rd8 25. Red1 Rxd2 26. Rxd2 h5 27. Nd6 Na6 28. Qxb7 Qxb7 29. Nxb7 Rb8 30. c5 Nec7 31. Bxa6 Nxa6 32. c6 Rc8 33. Rd8+ Rxd8 34. Nxd8 Ke7 35. Nb7 Nb4 36. a3 Nd3 37. Kf1 Nxb2 38. Ke2 Nc4 39. Kd3 Nxa3 40. Kc3 Nb5+ 41. Kb4 a3 42. Kxb5 a2 43. Nc5 a1=Q 44. c7 Qa8 45. Kb6 Qc8 46. Kc6 h4 47. Nb7 Qd7+ 48. Kb6 Qd4+ 49. Nc5 Qd6+ 50. Kb7 Qxc5 51. c8=Q Qb4+ 52. Kc7 Qc3+ 53. Kb7 Qb2+ 54. Kc7 Qc2+ 55. Kb7 Qxg2 56. Qc7+ Kf6 57. Qd8+ Kg7 58. Qxh4 Qxf3 59. Kc6 Qf4 0-1


[Site "https://www.chess.com"]

[Event "Titled Tuesday Blitz May 23 Early 2023"]
[White "Thecourseoisildur"]
[Black "Kaczur, Florian"]
[BlackFideId "705098"]
[WhiteElo "2586"]
[BlackElo "2485"]
[Result "0-1"]
[Round "07"]
[TimeControl "180+2"]
[Date "2023.05.23"]
[WhiteClock "0:00:05"]
[BlackClock "0:01:16"]

1. e4 e5 2. Nf3 d6 3. d4 Nc6 4. d5 Nce7 5. Bb5+ c6 6. dxc6 bxc6 7. Bc4 Nf6 8. Nc3 h6 9. Nxe5 Be6 10. Bxe6 fxe6 11. Ng4 Ng6 12. Be3 Be7 13. Nxf6+ Bxf6 14. Qh5 Kf7 15. O-O Qe8 16. Rad1 Rd8 17. Ne2 Kg8 18. c3 a6 19. Nf4 Kh7 20. Nxg6 Qxg6 21. Qxg6+ Kxg6 22. f4 Kf7 23. Rf2 d5 24. e5 Be7 25. b4 Ra8 26. Bb6 Rab8 27. Bd4 g6 28. g4 h5 29. h3 hxg4 30. hxg4 Rh4 31. Rg2 a5 32. a3 Ra8 33. Bf2 Rh3 34. Rg3 Rxg3+ 35. Bxg3 axb4 36. axb4 Ra3 37. Be1 Ra2 38. Rd2 Ra4 39. Rf2 c5 40. b5 Ra1 41. Kf1 Rb1 42. Ra2 Bh4 43. Re2 Ke8 44. Kg2 Bxe1 45. b6 Bxc3 46. Re3 Bd4 47. Ra3 Rb2+ 48. Kf3 Rxb6 49. Ra7 Rb3+ 50. Ke2 c4 51. Rg7 Rb2+ 52. Kd1 c3 53. Rxg6 c2+ 54. Kc1 Be3+ 55. Kxb2 c1=Q+ 56. Kb3 Qb1+ 57. Ka3 Qxg6 58. f5 Qxg4 59. fxe6 Qc4 60. e7 Bc1# 0-1


[Site "https://www.chess.com"]

[Event "Titled Tuesday Blitz May 23 Early 2023"]
[White "Bayo Milagro, Alvaro"]
[Black "Zemlyanskii, Ivan"]
[WhiteFideId "22275240"]
[BlackFideId "24249971"]
[WhiteElo "2270"]
[BlackElo "2421"]
[Result "0-1"]
[Round "07"]
[TimeControl "180+2"]
[Date "2023.05.23"]
[WhiteClock "0:00:03"]
[BlackClock "0:00:18"]

1. e4 c5 2. Nf3 e6 3. d4 cxd4 4. Nxd4 Nf6 5. Nc3 Nc6 6. Ndb5 Bc5 7. Bf4 O-O 8. Bd6 b6 9. Bxc5 bxc5 10. Nd6 Qc7 11. Be2 Nd4 12. e5 Ne8 13. Nce4 Nxd6 14. Nxd6 f6 15. Nxc8 Raxc8 16. exf6 Rxf6 17. O-O Qb7 18. c3 Nf5 19. Bf3 d5 20. Re1 Qxb2 21. Rb1 Qxc3 22. Rxe6 Rxe6 23. Bxd5 Re8 24. Bxe6+ Rxe6 25. Qd5 Qe5 26. Rb8+ Kf7 27. Rb7+ Kg6 0-1


[Site "https://www.chess.com"]

[Event "Titled Tuesday Blitz May 23 Early 2023"]
[White "Seo, Jung Min"]
[Black "Spata, German"]
[WhiteFideId "1734687"]
[BlackFideId "113026"]
[WhiteElo "2468"]
[BlackElo "2260"]
[Result "1-0"]
[Round "07"]
[TimeControl "180+2"]
[Date "2023.05.23"]
[WhiteClock "0:01:23"]
[BlackClock "0:00:04"]

1. d4 d5 2. c4 c6 3. Nf3 Nf6 4. e3 g6 5. Nc3 Bg7 6. h3 O-O 7. Bd3 b6 8. O-O Bb7 9. b3 e6 10. Bb2 Nbd7 11. Rc1 c5 12. cxd5 Nxd5 13. Ne4 N7f6 14. dxc5 Nxe4 15. Bxg7 Nxf2 16. Rxf2 Kxg7 17. c6 Bc8 18. Qd2 Nc7 19. Qc3+ Kg8 20. Ne5 f6 21. Nc4 e5 22. Rcf1 Be6 23. Nxe5 Qe7 24. Nf3 Rad8 25. Nd4 Bd5 26. Re1 f5 27. Rfe2 Rfe8 28. b4 Bxa2 29. Rxa2 1-0


[Site "https://www.chess.com"]

[Event "Titled Tuesday Blitz May 23 Early 2023"]
[White "robertoalejandro10"]
[Black "Schmakel, Sam"]
[BlackFideId "2039311"]
[WhiteElo "2569"]
[BlackElo "2356"]
[Result "0-1"]
[Round "07"]
[TimeControl "180+2"]
[Date "2023.05.23"]
[WhiteClock "0:00:00"]
[BlackClock "0:00:20"]

1. Nf3 g6 2. c4 Bg7 3. g3 b6 4. Bg2 Bb7 5. Nc3 c5 6. O-O Nf6 7. b3 d5 8. cxd5 Nxd5 9. Bb2 O-O 10. Rb1 Nc6 11. Nxd5 Qxd5 12. Ne5 Qd6 13. Nxc6 Bxc6 14. Bxg7 Kxg7 15. Bxc6 Qxc6 16. Qc2 Rfd8 17. d3 Qd6 18. Rfc1 h5 19. h4 e5 20. Qc4 Rac8 21. Rc2 Qe7 22. Rbc1 Rd4 23. Qa6 Rcd8 24. Rc4 e4 25. Rxd4 Rxd4 26. dxe4 Rxe4 27. e3 Rxe3 28. fxe3 Qxe3+ 29. Kg2 Qd2+ 30. Kf3 Qxc1 31. Qxa7 Qc3+ 32. Kf2 Qd4+ 33. Kf3 b5 34. Qb7 c4 35. Qxb5 c3 36. Qe2 Qd5+ 37. Ke3 Qe5+ 38. Kd3 Qxg3+ 39. Kc2 Qxh4 40. Kxc3 Qg3+ 41. Kc2 h4 42. Qd2 h3 43. Qd4+ Kh7 44. Qf6 Qc7+ 45. Kd3 h2 46. Qh4+ Kg8 0-1


[Site "https://www.chess.com"]

[Event "Titled Tuesday Blitz May 23 Early 2023"]
[White "Karthik Rajaa"]
[Black "Shevtchenko, Olesya"]
[WhiteFideId "25035215"]
[BlackFideId "24131890"]
[WhiteElo "2215"]
[BlackElo "2003"]
[Result "1-0"]
[Round "07"]
[TimeControl "180+2"]
[Date "2023.05.23"]
[WhiteClock "0:00:30"]
[BlackClock "0:00:01"]

1. Nf3 Nf6 2. b3 g6 3. Bb2 Bg7 4. g3 O-O 5. Bg2 a5 6. O-O a4 7. a3 d5 8. d3 c5 9. Nbd2 Nc6 10. Ne5 Qd6 11. Nxc6 Qxc6 12. c4 Be6 13. b4 Qc7 14. Bxf6 Bxf6 15. cxd5 Bxa1 16. dxe6 Bc3 17. exf7+ Rxf7 18. b5 e6 19. Nc4 Bd4 20. e3 Bg7 21. Qg4 Re8 22. h4 Qd7 23. Be4 Qxb5 24. Nd6 Qd7 25. Nxe8 Qxe8 26. h5 gxh5 27. Qxh5 Bf8 28. Bxh7+ Kg7 29. Bg6 b5 30. Bxf7 Qxf7 31. Qg5+ Qg6 32. Qd8 Qf7 33. Qa8 Qd7 34. Rc1 Qxd3 35. Qf3 Qd5 36. e4 Qb3 37. Qg4+ Kf7 38. Rd1 b4 39. Rd7+ Ke8 40. Rb7 Qc4 41. Qg8 Qc1+ 42. Kg2 Qh6 43. Qf7+ Kd8 44. Qd7# 1-0


[Site "https://www.chess.com"]

[Event "Titled Tuesday Blitz May 23 Early 2023"]
[White "Wagner, Dennis"]
[Black "Omelja, Artem"]
[WhiteFideId "24650684"]
[BlackFideId "14119846"]
[WhiteElo "2478"]
[BlackElo "2404"]
[Result "0-1"]
[Round "07"]
[TimeControl "180+2"]
[Date "2023.05.23"]
[WhiteClock "0:00:03"]
[BlackClock "0:00:05"]

1. e4 c5 2. Nf3 Nc6 3. Bb5 g6 4. Bxc6 bxc6 5. d4 Bg7 6. dxc5 Qa5+ 7. Nbd2 Qxc5 8. O-O d6 9. Rb1 Nf6 10. b4 Qh5 11. c4 O-O 12. Bb2 Rb8 13. Bc3 Bd7 14. Re1 Ng4 15. Bxg7 Kxg7 16. Qc2 Ne5 17. Qc3 f6 18. h3 Rfc8 19. a4 Be6 20. c5 Bf7 21. Nd4 a5 22. bxa5 dxc5 23. Nc2 c4 24. a6 Ra8 25. Rb6 Nd3 26. Reb1 Qc5 27. Qd4 Qxd4 28. Nxd4 c3 29. N2f3 e5 30. Nc2 Nc5 31. a5 Nxa6 32. Nfe1 Nc5 33. Ra1 Nb3 34. Ra3 Nxa5 35. Rxc3 Nc4 36. Rb7 Nd6 37. f3 Nxb7 38. Kh2 c5 39. Nd3 c4 40. Ndb4 Nd6 41. Nd5 Bxd5 42. exd5 Nb5 43. Re3 c3 44. Re4 Nd4 45. Ne3 c2 46. Nxc2 Rxc2 47. d6 Rd8 48. h4 Rxd6 49. Kh3 Ne6 50. g3 Rdd2 51. h5 gxh5 52. g4 Rh2+ 53. Kg3 Rcg2# 0-1


[Site "https://www.chess.com"]

[Event "Titled Tuesday Blitz May 23 Early 2023"]
[White "Samunenkov, Ihor"]
[Black "Garv Gaur"]
[WhiteFideId "14187086"]
[BlackFideId "45030839"]
[WhiteElo "2457"]
[BlackElo "2068"]
[Result "0-1"]
[Round "07"]
[TimeControl "180+2"]
[Date "2023.05.23"]
[WhiteClock "0:00:39"]
[BlackClock "0:01:03"]

1. e4 g6 2. d4 Bg7 3. Nc3 d5 4. Nxd5 c6 5. Ne3 Qxd4 6. Qxd4 Bxd4 7. c3 Bg7 8. a4 Nf6 9. f3 a5 10. Nc4 Nbd7 11. Be3 O-O 12. Ne2 Ne8 13. Nc1 Nd6 14. Nb6 Nxb6 15. Bxb6 Be6 16. Nd3 Nc4 17. Bc5 Rfe8 18. Nf4 Nxb2 19. Kd2 Bb3 20. Rb1 Red8+ 21. Ke3 Nd1+ 22. Rxd1 Rxd1 23. Bxe7 Bxc3 0-1


[Site "https://www.chess.com"]

[Event "Titled Tuesday Blitz May 23 Early 2023"]
[White "Ashraf, Artin"]
[Black "Mladek, Richard"]
[WhiteFideId "22514805"]
[BlackFideId "386588"]
[WhiteElo "2188"]
[BlackElo "2332"]
[Result "1-0"]
[Round "07"]
[TimeControl "180+2"]
[Date "2023.05.23"]
[WhiteClock "0:01:05"]
[BlackClock "0:00:00"]

1. d4 d5 2. c4 e6 3. Nc3 c5 4. e3 Nf6 5. Nf3 a6 6. a3 dxc4 7. Bxc4 b5 8. Bd3 Bb7 9. O-O c4 10. Bc2 Nbd7 11. e4 Qc7 12. d5 e5 13. Nh4 Bc5 14. Qf3 O-O-O 15. b3 Bd4 16. Bd2 cxb3 17. Bxb3 Nc5 18. Rab1 Bxc3 19. Bxc3 Nfxe4 20. Rfc1 Kb8 21. Bb4 Qb6 22. Qe3 Rc8 23. f3 a5 24. Be1 Nf6 25. Qxe5+ Ka8 26. Bf2 Nfd7 27. Qxg7 Rhe8 28. Bd1 Qd6 29. Qd4 Qe5 30. Qd2 Qxd5 31. Qxa5+ Kb8 32. Rxb5 Re5 33. Bb3 Qd3 34. Bc4 Qd2 35. Qxd2 1-0


[Site "https://www.chess.com"]

[Event "Titled Tuesday Blitz May 23 Early 2023"]
[White "Dimitrov, Atanas"]
[Black "Manukyan, Artyom"]
[WhiteFideId "2901315"]
[BlackFideId "13305786"]
[WhiteElo "2710"]
[BlackElo "2078"]
[Result "1/2-1/2"]
[Round "07"]
[TimeControl "180+2"]
[Date "2023.05.23"]
[WhiteClock "0:00:38"]
[BlackClock "0:01:28"]

1. Nf3 d5 2. b3 Bf5 3. Bb2 e6 4. e3 h6 5. c4 Nf6 6. Nc3 c6 7. Be2 Be7 8. O-O O-O 9. Rc1 Bh7 10. d4 a5 11. a3 Nbd7 12. Nd2 Re8 13. Re1 Bf8 14. Nf1 e5 15. dxe5 Nxe5 16. cxd5 Nxd5 17. Nxd5 Qxd5 18. Qxd5 cxd5 19. Red1 Rad8 20. Rc7 b6 21. h3 Re6 22. Ng3 Bd6 23. Rcc1 Bc5 24. Nh5 g5 25. Bxe5 Rxe5 26. Nf6+ Kg7 27. Nxh7 Kxh7 28. Bd3+ Kg7 29. a4 d4 30. exd4 Rxd4 31. Bc4 h5 32. Rxd4 Bxd4 33. Rd1 Bc5 34. g3 Kg6 35. Kg2 f5 36. Rd7 h4 37. gxh4 gxh4 38. Kf3 Re1 39. Rd8 Rh1 40. Kg2 Rc1 41. Rd2 1/2-1/2


[Site "https://www.chess.com"]

[Event "Titled Tuesday Blitz May 23 Early 2023"]
[White "Liu, Casper"]
[Black "Volkov, Maksim"]
[WhiteFideId "1454153"]
[BlackFideId "54123070"]
[WhiteElo "2221"]
[BlackElo "2297"]
[Result "0-1"]
[Round "07"]
[TimeControl "180+2"]
[Date "2023.05.23"]
[WhiteClock "0:00:06"]
[BlackClock "0:00:03"]

1. d4 d5 2. Bf4 c5 3. e3 Nc6 4. Nf3 Nf6 5. h3 Qb6 6. Nc3 c4 7. Rb1 e6 8. Be2 Bb4 9. O-O Bxc3 10. bxc3 Qa5 11. Qe1 O-O 12. Bd6 Rd8 13. Bb4 Nxb4 14. Rxb4 Qxa2 15. Ne5 Qxc2 16. Bd1 Qc1 17. f3 a5 18. Ra4 Bd7 19. Ra2 b5 20. g4 b4 21. cxb4 axb4 22. Rxa8 Rxa8 23. g5 Ba4 24. Bxa4 Qxe1 25. Rxe1 Rxa4 26. gxf6 gxf6 27. Nd7 b3 28. Nc5 Ra2 29. Rb1 b2 30. Na4 Ra1 31. Nc3 Ra3 32. Nd1 c3 33. Nxc3 Rxc3 34. Rxb2 Rxe3 35. Kf2 Rd3 36. Rb4 Kg7 37. Kg3 Kg6 38. Kg4 h5+ 39. Kg3 Kf5 40. Ra4 h4+ 41. Kxh4 Rxf3 42. Ra7 Ke4 43. Rxf7 Kxd4 44. Kg4 Rf1 45. h4 Ke4 46. h5 Rg1+ 47. Kh4 Kf5 48. Rh7 d4 49. h6 Rh1+ 50. Kg3 Kg6 51. Rd7 e5 52. Rd8 Rxh6 53. Kf3 Kf5 54. Ke2 Rh2+ 55. Kd3 Rh3+ 56. Kc4 Ke4 57. Rf8 Rc3+ 58. Kb4 f5 59. Rh8 f4 60. Rh4 Rc8 61. Rh8 Rxh8 0-1


[Site "https://www.chess.com"]

[Event "Titled Tuesday Blitz May 23 Early 2023"]
[White "Bagwe Gaurang"]
[Black "Martinez Ramirez, Lennis"]
[WhiteFideId "45039895"]
[BlackFideId "3509079"]
[WhiteElo "1847"]
[BlackElo "2410"]
[Result "0-1"]
[Round "07"]
[TimeControl "180+2"]
[Date "2023.05.23"]
[WhiteClock "0:00:04"]
[BlackClock "0:00:10"]

1. e4 c5 2. Nf3 Nc6 3. d4 cxd4 4. Nxd4 Nf6 5. Nc3 e5 6. Ndb5 d6 7. Nd5 Nxd5 8. exd5 Nb8 9. c4 Be7 10. Be2 O-O 11. O-O Nd7 12. Be3 f5 13. f3 a6 14. Nc3 Bg5 15. Bf2 Nf6 16. b4 Qe8 17. c5 Qg6 18. cxd6 e4 19. fxe4 fxe4 20. Na4 Bf5 21. Bg3 h5 22. Qd4 h4 23. Be5 Bh3 24. Rf2 e3 25. Rf3 Bg4 26. Rxe3 Bxe3+ 27. Qxe3 Rae8 28. Re1 Nd7 29. Bd3 Qh5 30. Qd4 Rxe5 31. Rc1 h3 32. Nc5 hxg2 33. Nxd7 Bxd7 34. Rc7 Rf1+ 35. Bxf1 gxf1=Q+ 36. Kxf1 Qf3+ 37. Qf2 Bh3+ 38. Kg1 Re1+ 39. Qxe1 Qg2# 0-1


[Site "https://www.chess.com"]

[Event "Titled Tuesday Blitz May 23 Early 2023"]
[White "Radzhabov, Rodion"]
[Black "Turzo, Attila"]
[WhiteFideId "884715"]
[BlackFideId "704954"]
[WhiteElo "2215"]
[BlackElo "2504"]
[Result "1/2-1/2"]
[Round "07"]
[TimeControl "180+2"]
[Date "2023.05.23"]
[WhiteClock "0:00:07"]
[BlackClock "0:00:04"]

1. e4 d6 2. d4 Nf6 3. Nc3 g6 4. Be3 c6 5. Qd2 Nbd7 6. f3 b5 7. g4 Nb6 8. Bh6 Bxh6 9. Qxh6 b4 10. Nd1 e5 11. c3 bxc3 12. bxc3 Qe7 13. Bd3 d5 14. Qg5 dxe4 15. fxe4 exd4 16. cxd4 Nxg4 17. Qxe7+ Kxe7 18. Rc1 f5 19. e5 Be6 20. h3 Bd5 21. hxg4 Bxh1 22. gxf5 gxf5 23. Ne3 Nd5 24. Nxf5+ Kd7 25. Ng3 Rhg8 26. N1e2 Bf3 27. Bf5+ Kc7 28. Bxh7 Rg7 29. Be4 Bxe4 30. Nxe4 Rh8 31. Kd2 Rg2 32. Nc3 Nxc3 33. Rxc3 Rhh2 34. Re3 Kd7 35. Kd3 Ke7 36. Nf4 Rd2+ 37. Ke4 Rh4 38. Rf3 Rxa2 39. Kf5 Rhh2 40. Rg3 Rh7 41. Ng6+ Kd7 42. e6+ Kd6 43. Nf4 Rf2 44. Rg8 Re7 45. Rd8+ Kc7 46. Ra8 Rxe6 47. Kxe6 Rxf4 48. Rxa7+ Kb6 49. Rd7 Re4+ 50. Kf5 Re1 51. Kf4 Kb5 52. d5 cxd5 53. Rxd5+ Kc4 54. Re5 Rxe5 55. Kxe5 1/2-1/2


[Site "https://www.chess.com"]

[Event "Titled Tuesday Blitz May 23 Early 2023"]
[White "Shukhman, Anna"]
[Black "Javakhadze, Zurab"]
[WhiteFideId "54180058"]
[BlackFideId "13603647"]
[WhiteElo "2235"]
[BlackElo "2381"]
[Result "1-0"]
[Round "07"]
[TimeControl "180+2"]
[Date "2023.05.23"]
[WhiteClock "0:01:36"]
[BlackClock "0:00:01"]

1. e4 e5 2. Nf3 Nc6 3. Bb5 a6 4. Ba4 Nf6 5. O-O Be7 6. Re1 b5 7. Bb3 d6 8. c3 O-O 9. h3 Nb8 10. a4 Bb7 11. d4 Nbd7 12. Nbd2 c5 13. Bc2 Re8 14. Nf1 Bf8 15. Ng3 g6 16. d5 c4 17. h4 h5 18. Bg5 Be7 19. Nd2 Ng4 20. Bxe7 Qxe7 21. Nf3 Nc5 22. Ng5 Qf6 23. Qf3 Qxf3 24. gxf3 Nf6 25. Ne2 Nfd7 26. f4 exf4 27. Nxf4 Ne5 28. a5 Bc8 29. Kg2 Bg4 30. f3 Bd7 31. Rad1 f6 32. Nge6 Bxe6 33. dxe6 Nxe6 34. Nxe6 Rxe6 35. f4 Ng4 36. e5 fxe5 37. Be4 Rae8 38. Bd5 Kg7 39. Bxe6 Rxe6 40. fxe5 Nxe5 41. Re4 Kf6 42. Kg3 Nd3 43. Rxe6+ Kxe6 44. Rd2 d5 45. Kf3 Ke5 46. Ke3 b4 47. Rg2 b3 48. Rg5+ Kf6 49. Rxd5 Nxb2 50. Rd6+ Ke5 51. Rxa6 Na4 52. Ra8 b2 53. Rb8 Nxc3 54. a6 b1=Q 55. Rxb1 Nxb1 56. a7 c3 57. a8=Q c2 58. Qa5+ Kf6 59. Qb6+ Kf5 60. Qc5+ Kg4 61. Qxc2 1-0


[Site "https://www.chess.com"]

[Event "Titled Tuesday Blitz May 23 Early 2023"]
[White "Stoleriu, George"]
[Black "Mazarini41"]
[WhiteFideId "1227505"]
[WhiteElo "2308"]
[BlackElo "2476"]
[Result "1-0"]
[Round "07"]
[TimeControl "180+2"]
[Date "2023.05.23"]
[WhiteClock "0:00:22"]
[BlackClock "0:00:00"]

1. e4 e6 2. d4 d5 3. exd5 exd5 4. Nf3 Nf6 5. Bd3 c5 6. O-O Nc6 7. Re1+ Be7 8. dxc5 O-O 9. Nc3 Bxc5 10. Bg5 Be6 11. Qd2 h6 12. Bxh6 gxh6 13. Qxh6 Bxf2+ 14. Kh1 Bxe1 15. Rxe1 Re8 16. Ng5 Bf5 17. Rf1 Bxd3 18. cxd3 Re5 19. h3 Rxg5 20. Qxg5+ Kf8 21. Rxf6 Qa5 22. Qh5 1-0


[Site "https://www.chess.com"]

[Event "Titled Tuesday Blitz May 23 Early 2023"]
[White "Senft, Sean"]
[Black "Zhu, Jiner"]
[WhiteFideId "2044960"]
[BlackFideId "8608059"]
[WhiteElo "1989"]
[BlackElo "2384"]
[Result "0-1"]
[Round "07"]
[TimeControl "180+2"]
[Date "2023.05.23"]
[WhiteClock "0:00:02"]
[BlackClock "0:00:03"]

1. d4 Nf6 2. c4 g6 3. Nc3 Bg7 4. e4 d6 5. f4 c5 6. d5 O-O 7. Nf3 e6 8. Be2 exd5 9. exd5 Re8 10. O-O Ne4 11. Nxe4 Rxe4 12. Bd3 Re8 13. f5 Nd7 14. Bg5 Qb6 15. Rb1 Qa5 16. a3 b5 17. cxb5 Bb7 18. Bc4 Ne5 19. Nxe5 Bxe5 20. Qf3 Qc7 21. Qh3 Bd4+ 22. Kh1 Re5 23. Bf6 Re4 24. fxg6 fxg6 25. Bxd4 cxd4 26. b3 Rae8 27. Rbd1 Qe7 28. Qf3 Bc8 29. h3 Re3 30. Qf4 Re4 31. Qf2 Qg7 32. a4 Re3 33. a5 Bxh3 34. gxh3 Rxh3+ 35. Kg2 Rh5 36. Rd3 Rf5 37. Rf3 Rfe5 38. Rf7 Qh6 39. Qg3 Rg5 40. Rf8+ Rxf8 41. Rxf8+ Kxf8 42. Qxg5 Qxg5+ 0-1


[Site "https://www.chess.com"]

[Event "Titled Tuesday Blitz May 23 Early 2023"]
[White "Tsyhanchuk, Stanislav"]
[Black "Domingo Nunez, Ruben"]
[WhiteFideId "13505130"]
[BlackFideId "22245570"]
[WhiteElo "2173"]
[BlackElo "2404"]
[Result "0-1"]
[Round "07"]
[TimeControl "180+2"]
[Date "2023.05.23"]
[WhiteClock "0:00:00"]
[BlackClock "0:00:20"]

1. c4 g6 2. Nc3 Bg7 3. e4 d6 4. d4 Nd7 5. f4 e5 6. dxe5 dxe5 7. fxe5 Nxe5 8. Qxd8+ Kxd8 9. Bg5+ Bf6 10. O-O-O+ Bd7 11. Bf4 g5 12. Bg3 Ne7 13. Nf3 N7g6 14. Nd5 Bg7 15. h4 c6 16. Ne3 gxh4 17. Nxh4 Bh6 18. Nf5 Bf4 19. Bxf4 Nxf4 20. g3 Ne6 21. Nd6 Kc7 22. Nef5 Ng5 23. c5 Nxe4 24. b4 a5 25. Nxe4 Bxf5 26. Nd6 Be6 27. b5 cxb5 28. Nxb5+ Kb8 29. Nd6 a4 30. a3 Ra5 31. Ne4 Ng4 32. Kb2 Bf5 33. Bd3 Bxe4 34. Bxe4 Nf2 35. Rd5 Nxe4 36. Rh6 Rxc5 37. Rd4 Rb5+ 38. Kc2 Rc8+ 39. Kd3 f5 40. Rf6 Rc3+ 0-1


[Site "https://www.chess.com"]